 Dungeon Crawl Stone Soup version 0.21.1-1-g345015f (webtiles) character file.

5158 shakethe the Covert (level 10, -14/63 HPs)
             Began as a Vampire Enchanter on Feb 18, 2018.
             Was an Initiate of Ru.
             Demolished by Scuka's ghost (34 damage)
             ... on level 8 of the Dungeon.
             The game lasted 00:42:02 (10281 turns).

shakethe the Covert (Vampire Enchanter)            Turns: 10281, Time: 00:42:03

Health: -14/63     AC:  7    Str: 11      XL:     10   Next: 33%
Magic:  4/15       EV: 17    Int: 19      God:    Ru [......]
Gold:   315        SH:  0    Dex: 15 (17) Spells: 0/16 levels left

rFire    + + .     SeeInvis +   a - +2 dagger
rCold    + + +     Gourm    .   (no shield)
rNeg     + + +     Faith    .   L - +1 robe "Qidoxkal" {+Fly rC+ Str+4 Stlth+}
rPois    ∞         Spirit   .   E - +0 helmet
rElec    .         Reflect  .   (no cloak)
rCorr    .         Harm     .   r - +1 pair of gloves
MR       +....                  B - +0 pair of boots
Stlth    +++++++++.             (no amulet)
HPRegen  0.00/turn              k - ring of protection from fire {rF+, !d}
MPRegen  0.14/turn              o - ring of protection from fire {rF+, !d}

@: bloodless, non-regenerating
A: fangs 3, see invisible, unbreathing
a: Bat Form, Renounce Religion, Evoke Flight


You were on level 8 of the Dungeon.
You worshipped Ru.
Ru was noncommittal.
You were bloodless.

You visited 2 branches of the dungeon, and saw 9 of its levels.

You collected 440 gold pieces.
You spent 125 gold pieces at shops.

Inventory:

Hand Weapons
 a - a +2 dagger (weapon)
 b - a +7 shortbow
   (You took it off a centaur on level 5 of the Dungeon)
 j - a +3 short sword
   (You took it off a wight on level 7 of the Dungeon)
Missiles
 H - 82 arrows
Armour
 r - a +1 pair of gloves (worn)
   (You found it on level 3 of the Dungeon)
 B - a +0 pair of boots (worn)
   (You found it on level 5 of the Dungeon)
 E - a +0 helmet (worn)
   (You found it on level 5 of the Dungeon)
 F - a +3 ring mail
   (You found it on level 5 of the Dungeon)
 I - a +0 robe
   (You took it off an orc wizard on level 6 of the Dungeon)
 L - the +1 robe "Qidoxkal" (worn) {+Fly rC+ Str+4 Stlth+}
   (You bought it in a shop on level 7 of the Dungeon)

   It affects your strength (+4).
   It protects you from cold.
   It lets you fly.
   It makes you more stealthy.
Jewellery
 k - a ring of protection from fire (left hand) {rF+, !d}
   (You found it on level 2 of the Dungeon)
 o - a ring of protection from fire (right hand) {rF+, !d}
   (You found it on level 2 of the Dungeon)
 v - an uncursed ring of fire {rF+, rC-}
   (You found it on level 4 of the Dungeon)
 K - an uncursed ring of poison resistance {rPois, !d}
   (You found it on level 7 of the Dungeon)
Wands
 t - a wand of flame (23)
   (You found it on level 4 of the Dungeon)
 A - a wand of digging (11)
   (You found it on level 5 of the Dungeon)
 J - a wand of polymorph (15)
   (You found it on level 7 of the Dungeon)
 O - a wand of disintegration (17)
   (You found it on level 8 of the Dungeon)
Scrolls
 e - a scroll of magic mapping {!r}
 f - 3 scrolls of teleportation
 i - 3 scrolls of blinking {!r}
 p - 3 scrolls of remove curse
 y - a scroll of random uselessness {unknown}
 C - a scroll of enchant armour {unknown}
 D - a scroll of holy word {unknown}
 G - a scroll of amnesia {unknown}
 M - a scroll of noise {unknown}
Potions
 d - 23 potions of blood {@q1}
 g - 4 potions of curing
 h - a potion of brilliance
 l - a potion of cancellation
 n - 2 potions of degeneration {!q}
 q - 4 potions of ambrosia
 u - a potion of lignification {!q}
 w - a potion of magic
 x - 3 potions of agility
 z - a potion of might
 N - a potion of resistance {unknown}
Books
 c - a book of Maledictions
 s - a book of Callings
   (You found it on level 4 of the Dungeon)
Comestibles
 m - 21 rations


   Skills:
 + Level 6.8 Short Blades
 + Level 7.1 Dodging
 * Level 14.5 Stealth
 - Level 3.8 Spellcasting
 + Level 10.4 Hexes
 + Level 1.5 Summonings
 - Level 2.1 Ice Magic
 + Level 1.5 Air Magic


You couldn't memorise any spells.
You knew the following spells:

 Your Spells              Type           Power        Failure   Level  Hunger
a - Ensorcelled Hibernat  Hex/Ice        ####..       1%          2    ##.....
b - Tukima's Dance        Hex            #####...     1%          3    ###....
c - Confuse               Hex            #####...     1%          3    ###....
d - Dazzling Spray        Conj/Hex       ###...       4%          3    ###....
e - Summon Lightning Spi  Summ/Air       #.......     58%         4    ####...
v - Corona                Hex            #####..      1%          1    None


Dungeon Overview and Level Annotations

Branches:
Dungeon (8/15)             Temple (1/1) D:7
   Lair: D:8-11

Altars:
Ashenzari
Cheibriados
Dithmenos
Elyvilon
Fedhas
Gozag
Hepliaklqana
Kikubaaqudgha
Makhleb
Nemelex Xobeh
Okawaru
Qazlal
Ru
Sif Muna
Trog
Uskayaw
Vehumet
Wu Jian
Xom
Yredelemnul
Zin
The Shining One

Shops:
D:7 [

Annotations:
D:8 Scuka's ghost, novice TrMo


Innate Abilities, Weirdness & Mutations

You do not heal naturally.
You are immune to poison.
You have razor-sharp teeth.
You have supernaturally acute eyesight. (SInv)
You can survive without breathing.


Message History

You spit the worker ant like a pig!!!!
You kill the worker ant!
You now have 301 gold pieces (gained 9).
m - 21 rations (gained 1)
A troll comes into view.
The troll shouts!
Aim: a troll (chance to defeat MR: 56%)
The troll looks drowsy...
You now have 13/15 mp.
The helpless troll fails to defend itself.
You bite the troll, and draw its blood!
You feel slightly less thirsty.
You perforate the troll like a sieve!!!!
You kill the troll!
You now have 315 gold pieces (gained 14).
O - a wand of disintegration (17) MP restored: 15 Scuka's ghost (novice Troll Monk) comes into view.
Scuka's ghost moves out of view.
Found a stone staircase leading down.
Scuka's ghost turns its malevolent gaze towards you.
Scuka's ghost keens inconsolably.
A quasit comes into view.
An adder skeleton comes into view.
You closely miss the adder skeleton. The adder skeleton misses you.
Aim: an adder skeleton (chance to defeat MR: 81%)
The adder skeleton appears confused.
The quasit gives a chilling moan.
You now have 12/15 mp.
You hit the adder skeleton. You bite the adder skeleton.
You strike the helpless adder skeleton from behind!
You stick the adder skeleton like a pincushion!!!
You destroy the adder skeleton!
The quasit bites you.
You feel clumsy. The quasit completely misses you. x2
The quasit bites you but does no damage.
The quasit completely misses you. The quasit barely misses you.
You take 3 damage, and have 60/63 hp.
The quasit misses you. x2; The quasit closely misses you.
The quasit closely misses you.
The quasit claws you but does no damage.
The quasit barely misses you. Scuka's ghost barely misses you.
The quasit barely misses you.
The quasit claws you but does no damage. x2
You can't see any susceptible monsters within range! (Use Z to cast anyway.)
Aim: a quasit (chance to defeat MR: 76%)
The quasit barely resists.
The quasit misses you. x2
The quasit claws you but does no damage.
You now have 10/15 mp.
Aim: a quasit (chance to defeat MR: 76%)
The quasit barely resists.
The quasit bites you. The quasit closely misses you.
The quasit claws you but does no damage.
You take 2 damage, and have 58/63 hp.
You now have 7/15 mp.
Aim: a quasit (chance to defeat MR: 76%)
The quasit barely resists.
The quasit barely misses you.
The quasit claws you but does no damage.
The quasit closely misses you.
Scuka's ghost says, "You must not succeed where I failed!"
You now have 4/15 mp.
Aim: a quasit (chance to defeat MR: 76%)
The quasit barely resists.
The quasit bites you.
You feel clumsy.
The quasit claws you but does no damage.
The quasit misses you. x2; The quasit barely misses you.
The quasit completely misses you.
You take 1 damage, and have 57/63 hp.
You now have 1/15 mp.
You miss the quasit.
The quasit bites you but does no damage.
The quasit barely misses you.
The quasit claws you but does no damage.
You don't have enough magic to cast that spell.
The quasit closely misses you. The quasit barely misses you.
The quasit closely misses you. The quasit completely misses you.
The quasit misses you.
The quasit claws you but does no damage.
The quasit barely misses you. x2
The quasit claws you but does no damage.
The quasit bites you. The quasit claws you. The quasit misses you.
You take 3 damage, and have 54/63 hp.
The quasit misses you.
The quasit claws you but does no damage. x2
Aim: a quasit (chance to defeat MR: 76%)
The quasit appears confused.
You now have 1/15 mp.
You hit the quasit.
Two of your 25 potions of blood {@q1} rot away.
Scuka's ghost hits you!!
You take 24 damage, and have 30/63 hp.
MASSIVE DAMAGE!!
You catch the helpless quasit completely off-guard!
You skewer the quasit like a kebab!!!
You kill the quasit!
Scuka's ghost closely misses you. Scuka's ghost hits you!
You take 10 damage, and have 20/63 hp.
There is an escape hatch in the ceiling here.
Scuka's ghost hits you!!
Ouch! That really hurt!
You die...

#.......##.#.#
#.......##.#.#
#....#####.#.########
.....#####..........#
##...........######.#
##...........######.#
#####...............#
)......<............#
......#.........@...#
................W..#####.#
........####+##..........#
#.......# #.##.##########
#.......# #............#
#.......#######.######.##
#####+.......##.######.#
#####+....##...........#
#..........###.########


You could see Scuka's ghost.

Vanquished Creatures
  A two-headed ogre (D:8)
  A troll (D:8)
  Prince Ribbit (D:7)
  2 hippogriffs
  A human (D:7)
  4 hogs (D:7)
  Menkaure (D:7)
  4 ice beasts
  A black bear (D:7)
  2 centaurs
  A necrophage (D:6)
  2 ogres
  3 phantoms
  A crocodile (D:7)
  3 bullfrogs (D:6)
  2 gnoll sergeants
  5 wights (D:7)
  3 howler monkeys
  The ghost of pk666 the Magician, a weakling DEWz (D:3)
  2 quasits
  6 orc priests
  2 bullfrog skeletons
  2 jellies
  12 orc wizards
  6 worker ants
  5 adders
  8 gnolls
  2 shadow imps
  An ooze (D:4)
  4 adder skeletons
  2 worms
  2 dart slugs
  4 leopard geckos
  17 orcs
  3 ball pythons
  5 giant cockroaches
  6 goblins
  5 hobgoblins
  13 jackals
  4 kobolds
  2 quokkas
  6 bats
  5 frilled lizards
  A leopard gecko zombie (D:7)
  2 quokka skeletons
  3 rats (D:3)
169 creatures vanquished.

Notes
Turn   | Place    | Note
-------+----------+-------------------------------------------
     0 | D:1      | shakethe the Vampire Enchanter began the quest for the Orb.
     0 | D:1      | Reached XP level 1. HP: 13/13 MP: 3/3
    56 | D:1      | HP: 2/13 [goblin (3)]
  1017 | D:2      | Reached skill level 5 in Stealth
  1017 | D:2      | Reached XP level 2. HP: 17/19 MP: 5/5
  1021 | D:2      | Learned a level 2 spell: Ensorcelled Hibernation
  1726 | D:2      | Reached XP level 3. HP: 17/24 MP: 6/6
  1757 | D:2      | Found a shimmering altar of Xom.
  1757 | D:2      | Found an ancient bone altar of Kikubaaqudgha.
  1867 | D:2      | Learned a level 3 spell: Confuse
  2198 | D:3      | Noticed pk666's ghost (weakling DEWz)
  2500 | D:3      | Killed pk666's ghost
  2500 | D:3      | Reached skill level 6 in Stealth
  2500 | D:3      | Reached skill level 5 in Hexes
  2500 | D:3      | Reached skill level 1 in Ice Magic
  2500 | D:3      | Reached XP level 4. HP: 30/30 MP: 2/7
  2993 | D:3      | Reached XP level 5. HP: 35/35 MP: 6/9
  3122 | D:3      | Found a basalt altar of Yredelemnul.
  3347 | D:3      | Reached skill level 7 in Stealth
  3349 | D:3      | Reached skill level 3 in Spellcasting
  3351 | D:3      | Reached skill level 2 in Ice Magic
  3583 | D:3      | Learned a level 3 spell: Tukima's Dance
  3809 | D:4      | Reached XP level 6. HP: 41/41 MP: 10/10
  3892 | D:4      | Reached skill level 6 in Hexes
  4065 | D:4      | HP: 10/41 [giant cockroach (1)]
  4101 | D:4      | HP: 7/41 [phantom (3)]
  4103 | D:4      | HP: 3/41 [phantom (4)]
  5193 | D:4      | Reached skill level 2 in Short Blades
  5233 | D:4      | Reached skill level 8 in Stealth
  5689 | D:5      | Entered Level 5 of the Dungeon
  5699 | D:5      | Reached skill level 3 in Dodging
  5794 | D:5      | Reached XP level 7. HP: 38/46 MP: 9/12
  5850 | D:5      | Noticed a hippogriff
  5853 | D:5      | HP: 11/46 [ogre/giant club (8)]
  6335 | D:5      | Killed a hippogriff
  6335 | D:5      | Reached skill level 3 in Short Blades
  6335 | D:5      | Reached skill level 9 in Stealth
  6441 | D:5      | Learned a level 3 spell: Dazzling Spray
  6628 | D:5      | Found a glowing silver altar of Zin.
  6671 | D:5      | Reached skill level 7 in Hexes
  6864 | D:5      | Reached XP level 8. HP: 52/52 MP: 5/13
  7106 | D:6      | Reached skill level 4 in Dodging
  7127 | D:6      | Reached skill level 10 in Stealth
  7294 | D:6      | Reached skill level 4 in Short Blades
  7368 | D:6      | Reached skill level 11 in Stealth
  7610 | D:6      | Reached skill level 8 in Hexes
  7926 | D:6      | Reached skill level 5 in Dodging
  8463 | D:7      | Reached XP level 9. HP: 57/57 MP: 9/14
  8517 | D:7      | Noticed Menkaure
  8520 | D:7      | Reached skill level 5 in Short Blades
  8527 | D:7      | Killed Menkaure
  8527 | D:7      | Reached skill level 12 in Stealth
  8568 | D:7      | Noticed Prince Ribbit
  8572 | D:7      | Killed Prince Ribbit
  8572 | D:7      | Reached skill level 9 in Hexes
  8794 | D:7      | Found a staircase to the Ecumenical Temple.
  8821 | D:7      | Reached skill level 6 in Dodging
  8843 | Temple   | Entered the Ecumenical Temple
  8989 | Temple   | Became a worshipper of Ru the Awakened
  9056 | D:7      | Found Toadeel's Antique Armour Shoppe.
  9060 | D:7      | Bought a faintly glowing robe for 125 gold pieces
  9070 | D:7      | Identified the cursed +1 robe "Qidoxkal" {+Fly rC+ Str+4 Stlth+} (You bought it in a shop on level 7 of the Dungeon)
  9300 | D:7      | Reached skill level 13 in Stealth
  9578 | D:7      | Reached skill level 6 in Short Blades
  9843 | D:7      | Reached skill level 10 in Hexes
  9846 | D:7      | Reached XP level 10. HP: 63/63 MP: 6/15
  9849 | D:7      | Reached skill level 14 in Stealth
  9950 | D:7      | Learned a level 4 spell: Summon Lightning Spire
  9994 | D:8      | Noticed a two-headed ogre
 10013 | D:8      | Killed a two-headed ogre
 10013 | D:8      | Reached skill level 7 in Dodging
 10013 | D:8      | Reached skill level 1 in Summonings
 10013 | D:8      | Reached skill level 1 in Air Magic
 10208 | D:8      | Noticed Scuka's ghost (novice TrMo)
 10281 | D:8      | Demolished by Scuka's ghost

Skill      XL: |  1  2  3  4  5  6  7  8  9 10 |
---------------+-------------------------------+-----
Stealth        | 5 6 7 8 9 11 13 14 | 14.5
Hexes          | 5 6 7 8 10 | 10.4
Ice Magic      | 1 2 |  2.1
Spellcasting   | 3 |  3.8
Short Blades   | 2 3 4 6 |  6.8
Dodging        | 3 5 6 7 |  7.1
Summonings     | 1 |  1.5
Air Magic      | 1 |  1.5

Action                   |  1- 3 |  4- 6 |  7- 9 | 10-12 || total
-------------------------+-------+-------+-------+-------++-------
Melee: Dagger            |   102 |   117 |   257 |    15 ||   491
       Bite              |     8 |    12 |    14 |     1 ||    35
 Cast: Ensorcelled Hiber |    10 |    22 |    83 |     4 ||   119
       Confuse           |     2 |    14 |    21 |     7 ||    44
 Abil: End Transformatio |       |     1 |       |       ||     1
       Bat Form          |       |     1 |       |       ||     1
  Use: Potion            |     1 |     5 |     2 |       ||     8
       Scroll            |       |     6 |    11 |       ||    17
 Stab: Sleeping          |    12 |    34 |    63 |     7 ||   116
       Confused          |     2 |     7 |    10 |     3 ||    22
       Distracted        |       |       |     2 |       ||     2
Armor: Robe              |    19 |     6 |    44 |    14 ||    83
       Ring mail         |       |       |    33 |       ||    33
Dodge: Dodged            |    65 |    65 |   181 |    33 ||   344

Vault maps used:
D:1:      saegor_arrival_simple_c, hex_large
D:2:      gammafunk_temple_overflow_wave, first_ration
D:3:      yredelemnul_altar_generic
D:4:      grunt_decor_cap
D:5:      basic_altar
D:7:      minmay_flawed_box, temple_green, serial_shops,
          nicolae_shop_behind_doors, grunt_livestock, uniq_prince_ribbit1,
          uniq_menkaure
D:8:      dpeg_oklobed_lair
Temple:   regret_index_temple_chain_breaker

Table legend:
 A = Turns spent in this place as a percentage of turns spent in the entire game.
 B = Non-inter-level travel turns spent in this place as a percentage of non-inter-level travel turns spent in the entire game.
 C = Inter-level travel turns spent in this place as a percentage of turns spent in this place.
 D = Turns resting spent in this place as a percentage of non-inter-level travel turns spent in this place.
 E = Turns spent auto-exploring this place as a percentage of non-inter-level travel turns spent in this place.
 F = Non-inter-level travel turns spent in this place divided by the number of levels of this place that you've seen.
                   A       B       C       D       E      F
               +-------+-------+-------+-------+-------+----------------------
         Total | 100.0 | 100.0 |   0.6 |  29.3 |  37.0 | 1135.9
       Dungeon |  98.4 |  98.6 |   0.4 |  29.7 |  36.2 | 1259.9
        Temple |   1.6 |   1.4 |  10.0 |   0.0 |  89.6 | 144.0
               +-------+-------+-------+-------+-------+----------------------

Table legend:
 A = Kills in this place as a percentage of kills in entire the game.
 B = Kills by you in this place as a percentage of kills by you in the entire game.
 C = Kills by friends in this place as a percentage of kills by friends in the entire game.
 D = Other kills in this place as a percentage of other kills in the entire game.
 E = Experience gained in this place as a percentage of experience gained in the entire game.
 F = Experience gained in this place divided by the number of levels of this place that you have seen.
                   A       B       C       D       E      F
               +-------+-------+-------+-------+-------+----------------------
         Total | 100.0 | 100.0 |   N/A |   N/A | 100.0 | 818.8
       Dungeon | 100.0 | 100.0 |   N/A |   N/A | 100.0 | 921.1
               +-------+-------+-------+-------+-------+----------------------
